 Dungeon Crawl Stone Soup version 0.28.0-45-g0d030f2227 (webtiles) character file.

Game seed: 4087964385211932191

2 101zpm the Chiller (level 1, 0/14 HPs)
             Began as a Draconian Ice Elementalist on Apr 19, 2022.
             Succumbed to a kobold's poison
             ... on level 1 of the Dungeon.
             The game lasted 00:00:24 (170 turns).

101zpm the Chiller (Draconian Ice Elementalist)      Turns: 170, Time: 00:00:24

Health: 0/14       AC:  5    Str: 10    XL:     1   Next: 25%
Magic:  1/3        EV: 12    Int: 15    God:
Gold:   12         SH:  0    Dex: 11    Spells: 3/4 levels left

rFire   . . .      SeeInvis .   (no weapon)
rCold   . . .      Faith    .   (no shield)
rNeg    . . .      Spirit   .   (armour unavailable)
rPois   .          Reflect  .   (helmet restricted)
rElec   .          Harm     .   (no cloak)
rCorr   .          Rampage  .   b - +0 pair of gloves
Will    .....                   (no boots)
Stlth   ++........              (no amulet)
HPRegen 0.04/turn               (no ring)
MPRegen 0.08/turn               (no ring)

@: lethally poisoned (0 -> -13)
A: AC +4, unfitting armour, cold-blooded
a: no special abilities


You were on level 1 of the Dungeon.
You visited 1 branch of the dungeon, and saw 1 of its levels.

You collected 12 gold pieces.

Inventory:

Armour
 b - a +0 pair of gloves (worn)
Jewellery
 c - an amulet of faith
Scrolls
 a - a scroll of noise {unknown}


   Skills:
 + Level 1.7 Dodging
 + Level 1.8 Stealth
 + Level 2.0 Spellcasting
 + Level 4.1 Ice Magic


You had 3 spell levels left.
You knew the following spells:

 Your Spells              Type           Power      Damage    Failure   Level
a - Freeze                Ice            52%        1d7       4%          1

Your spell library contained the following spells:

 Spells                   Type           Power      Damage    Failure   Level
 Frozen Ramparts          Ice            26%        1d4       12%         3
 Ozocubu's Armour         Ice            13%        N/A       12%         3
 Hailstorm                Conj/Ice       7%         3d4       67%         4


Dungeon Overview and Level Annotations

Branches:
Dungeon (1/15)

Altars:


Innate Abilities, Weirdness & Mutations

Your plain brown scales are hard. (AC +4)
You cannot fit into any form of body armour.
You are cold-blooded and may be slowed by cold attacks.


Message History

You finish putting on your +0 pair of gloves.
There is a stone staircase leading down here.
A frilled lizard comes into view.
Found 12 gold pieces.
The frilled lizard hisses angrily.
You hear an angry hiss.
Found a stone staircase leading down.
Aiming: Freeze (safe; 4% risk of failure)
Press: ? - help, Q - select action Shift-Dir - straight line, f - frilled lizard
Aim: a frilled lizard You freeze the frilled lizard!
You kill the frilled lizard!
Magic restored.
You see here a frilled lizard corpse.
You now have 12 gold pieces.
c - an amulet of faith A kobold comes into view.
It is wielding a +3 dagger of venom.
Found a pair of gloves.
The kobold shouts!
The kobold throws a stone.
The stone hits you.
Aiming: Freeze (safe; 4% risk of failure)
Press: ? - help, Q - select action Shift-Dir - straight line, f - you
Okay, then.
The kobold hits you but does no damage.
You are lethally poisoned!
Aiming: Freeze (safe; 4% risk of failure)
Press: ? - help, Q - select action Shift-Dir - straight line, f - kobold
Aim: a kobold, wielding a +3 dagger of venom and quivering stones You freeze the kobold.
The kobold is moderately wounded.
You feel very sick.
The kobold hits you with a +3 dagger of venom.
You are more poisoned.
Aiming: Freeze (safe; 4% risk of failure)
Press: ? - help, Q - select action Shift-Dir - straight line, f/p - kobold
Aim: a kobold, wielding a +3 dagger of venom and quivering stones (moderately wounded)
You freeze the kobold.
You kill the kobold!
* * * LOW HITPOINT WARNING * * *
You feel very sick.
You die...

#.##.# #.##.#
#.##.# #. #.# #.#
# #.#
####.##.##########
................[#
####.##.####.###@#
# #.####.# #.# #
#......###.#.#
#.###..#.....# #.#
#.†#.....##
#.###............
#.##...#.....####
#...>........#
####...#######


There were no monsters in sight!

Vanquished Creatures
  A kobold (D:1)
  A frilled lizard (D:1)
2 creatures vanquished.

Notes
Turn   | Place    | Note
-------+----------+-------------------------------------------
     0 | D:1      | 101zpm the Draconian Ice Elementalist began the quest for
                  | the Orb.
     0 | D:1      | Reached XP level 1. HP: 14/14 MP: 3/3
   170 | D:1      | Succumbed to a kobold's poison

Illustrated notes

Levels and vault maps discovered:
D:1:      nagdon_arrival_double_spiral, layout_loops_ring,
          basic_ecumenical_altar

Action                   || total
-------------------------++-------
 Cast: Freeze            ||     3
Armor: Skin              ||     1
